 Dungeon Crawl Stone Soup version 0.20.0-8-g6b59dc7 (webtiles) character file.

61 straycat the Skirmisher (level 3, -1/33 HPs)
             Began as a Vampire Wanderer on May 31, 2017.
             Slain by Robin
             ... wielding a +0 short sword
              (2 damage)
             ... on level 2 of the Dungeon.
             The game lasted 00:05:12 (1295 turns).

straycat the Skirmisher (Vampire Wanderer)          Turns: 1295, Time: 00:05:13

Health: -1/33      AC:  3    Str:  9    XL:     3   Next: 83%
Magic:  3/3        EV: 13    Int: 14    God:
Gold:   84         SH:  0    Dex: 16    Spells: 2/2 levels left

rFire    . . .     SeeInvis +   a - +2 dagger
rCold    + . .     Gourm    .   (no shield)
rNeg     + + .     Faith    .   n - +0 leather armour
rPois    +         Spirit   .   (no helmet)
rElec    .         Reflect  .   (no cloak)
rCorr    .         Harm     .   (no gloves)
MR       .....                  (no boots)
Stlth    +++.......             (no amulet)
Regen    0.1/turn               (no ring)
MPRegen  0.1/turn               (no ring)

@: regenerating slowly
A: fangs 3, see invisible, unbreathing
a: Bat Form


You were on level 2 of the Dungeon.
You were thirsty.

You visited 1 branch of the dungeon, and saw 2 of its levels.

You collected 84 gold pieces.

Inventory:

Hand Weapons
 a - a +2 dagger (weapon)
 c - a +0 hand crossbow
 s - a +0 spear
Missiles
 j - 36 stones (quivered)
 l - 7 poisoned needles
Armour
 f - a +0 robe
 n - a +0 leather armour (worn)
Jewellery
 t - a +4 ring of strength {unknown}
Scrolls
 e - 2 scrolls of teleportation
 k - a scroll of immolation {unknown}
 m - a scroll of fear {unknown}
 o - a scroll of amnesia {unknown}
 p - a scroll of identify {unknown}
Potions
 b - 2 potions of haste
 g - 10 potions of blood
 h - a potion of curing {unknown}
 i - a potion of brilliance {unknown}
 q - 2 potions of heal wounds {unknown}
 r - a potion of mutation {unknown}
 u - a potion of flight {unknown}


   Skills:
 * Level 5.0 Fighting
 - Level 1.5 Crossbows
 * Level 2.9 Dodging
 + Level 3.8 Stealth


You had 2 spell levels left.
You didn't know any spells.

Dungeon Overview and Level Annotations

Branches:
Dungeon (2/15)

Altars:

Annotations:
D:2 Robin


Innate Abilities, Weirdness & Mutations

You heal slowly.
You have razor-sharp teeth.
You have supernaturally acute eyesight. (SInv)
You can survive without breathing.


Message History

* * * LOW HITPOINT WARNING * * *
Throwing (i - inventory):
j - 38 stones (quivered)
Press: ? - help, Shift-Dir - straight line, f/p - goblin
Aim: a goblin, wielding a club (moderately wounded, unusually strong)
You throw a stone. The stone hits the goblin.
The goblin is heavily wounded.
The goblin closely misses you. Robin barely misses you.
Throwing (i - inventory):
j - 37 stones (quivered)
Press: ? - help, Shift-Dir - straight line, f/p - goblin
Aim: a goblin, wielding a club (heavily wounded, unusually strong)
You throw a stone. The stone closely misses the goblin.
The goblin misses you. Robin misses you.
Wield which item (- for none, * to show all)? (? for menu, Esc to quit)
a - a +2 dagger (weapon)
The goblin hits you with a club.
* * * LOW HITPOINT WARNING * * *
You hit the goblin.
The goblin is severely wounded.
Robin hits you with a short sword.
You die...

# g############## (.(
...............
.....######.##########
.?.(()g@g.....(.......
.##<#######....#######
#......#...#
#.####.#...# #.#...#
#.#.### #.#.# .. [.#.#
.. ###.##### ..


You could see Robin and a goblin.

Vanquished Creatures
  An adder (D:2)
  2 oozes (D:1)
  A worm (D:2)
  A leopard gecko (D:1)
  5 bats
  A giant cockroach (D:1)
  8 goblins
  7 hobgoblins
  5 kobolds
  A frilled lizard (D:1)
  6 rats
38 creatures vanquished.

Notes
Turn   | Place    | Note
-------+----------+-------------------------------------------
     0 | D:1      | straycat the Vampire Wanderer began the quest for the Orb.
     0 | D:1      | straycat set off with: a +2 dagger, a potion of haste, a +0 hand crossbow, 28 bolts, a scroll of teleportation, a +0 robe, a potion of blood
     0 | D:1      | Reached XP level 1. HP: 20/20 MP: 1/1
   315 | D:1      | Reached XP level 2. HP: 26/26 MP: 2/2
   734 | D:1      | Reached XP level 3. HP: 31/31 MP: 3/3
  1280 | D:2      | Noticed Robin
  1284 | D:2      | Reached skill level 5 in Fighting
  1294 | D:2      | HP: 1/33 [goblin/club[Robin] (5)]
  1295 | D:2      | Slain by Robin

Skill      XL: |  1  2  3 |
---------------+----------+-----
Dodging        | 2 |  2.9
Fighting       | 5 |  5.0
Crossbows      | |  1.5
Stealth        | |  3.8

Action                   || total
-------------------------++-------
Melee: Dagger            ||     1
 Fire: Hand crossbow     ||    81
Throw: Stone             ||     7
Armor: Robe              ||     5
       Leather armour    ||     5
Dodge: Dodged            ||    27
